Map: King's Cove LE

Players

iPlayDefense - Winner!

  • Race: Protoss Protoss
  • League: Silver
  • Spawn Location: 5:00

zegovax

  • Race: Zerg Zerg
  • League: Bronze
  • Spawn Location: 11:00

VOD

Have the link to the VOD?

Description

Time

  • Played on: April 14, 2025, 2:13 p.m.
  • Length: 11:16
Show
View Real Time Build Order
Export as new Build Order

iPlayDefense Protoss - Winner!

Build Orders:  

Get SALT Encoding   

  1  0:00  Probe  
  13  0:16  Pylon, Probe  
  14  0:26  Assimilator  
  14  0:39  Gateway  
  14  0:43  Probe  
  15  0:55  Probe  
  16  1:06  Pylon  
  16  1:07  Probe  
  17  1:19  Forge, Probe  
  18  1:27  Probe  
  18  1:30  Zealot  
  21  1:36  Probe  
  22  1:55  Pylon  
  22  1:57  Zealot  
  24  2:04  Photon Cannon  
  24  2:10  Photon Cannon  
  24  2:35  Nexus  
  24  2:45  Zealot  
  26  3:01  Cybernetics Core  
  26  3:05  Probe  
  26  3:06  Assimilator  
  26  3:12  Zealot  
  29  3:13  Probe  
  30  3:22  Probe  
  31  3:27  Pylon  
  31  3:38  Probe  
  31  3:47  Probe  
  33  3:56  Probe  
  33  4:02  Photon Cannon  
  34  4:05  Shield Battery, Probe  
  34  4:08  Probe  
  36  4:12  Stalker  
  36  4:13  Probe  
  38  4:20  Probe  
  38  4:22  Probe, Protoss Shields Level 1  
  41  4:34  Probe  
  41  4:38  Probe  
  43  4:43  Probe  
  43  4:50  Probe  
  45  4:55  Probe  
  45  4:56  Stargate x2  
  46  5:02  Probe  
  47  5:09  Assimilator, Probe  
  47  5:11  Assimilator  
  48  5:14  Probe  
  48  5:18  Probe, Photon Cannon  
  49  5:26  Probe x2  
  51  5:29  Pylon  
  52  5:38  Probe  
  53  5:46  Nexus  
  61  5:57  Void Ray x2  
  61  6:59  Probe  
  61  7:00  Probe  
  63  7:04  Probe  
  72  7:11  Probe  
  72  7:12  Void Ray, Probe  
  72  7:13  Void Ray  
  72  7:14  Probe  
  72  7:15  Photon Cannon  
  74  7:22  Probe  
  75  7:24  Probe x2  
  78  7:30  Probe  
  78  7:36  Probe x2  
  81  7:39  Stargate  
  81  7:40  Stargate  
  81  7:42  Probe  
  82  7:48  Probe x2  
  84  7:52  Pylon  
  84  7:55  Pylon  
  84  8:02  Pylon  
  84  8:04  Protoss Ground Weapons Level 1  
  84  8:06  Pylon  
  92  8:14  Void Ray x2  
  92  8:16  Protoss Air Weapons Level 1  
  92  8:17  Assimilator  
  92  8:19  Assimilator  
  92  8:31  Void Ray  
  92  8:32  Void Ray  
  92  8:40  Probe  
  100  8:41  Twilight Council  
  100  8:42  Fleet Beacon  
  100  8:43  Probe  
  100  8:44  Probe  
  100  8:47  Void Ray x2  
  111  9:04  Void Ray  
  111  9:09  Photon Cannon  
  115  9:11  Photon Cannon  
  115  9:13  Photon Cannon  
  115  9:17  Probe  
  115  9:18  Probe  
  115  9:22  Photon Cannon  
  117  9:24  Photon Cannon  
  117  9:26  Photon Cannon  
  117  9:41  Pylon  
  117  9:45  Pylon  
  117  9:49  Pylon  
  117  9:51  Flux Vanes  
  125  10:03  Probe  
  125  10:05  Void Ray x2  
  130  10:07  Photon Cannon  
  130  10:09  Void Ray, Photon Cannon  
  130  10:12  Photon Cannon  
  134  10:20  Void Ray  
  134  10:42  Photon Cannon  
  134  10:43  Photon Cannon  
  134  10:46  Photon Cannon  
Show
View Real Time Build Order
Export as new Build Order

zegovax Zerg 

Build Orders: Pool First 

Get SALT Encoding   

  12  0:08  Overlord  
  12  0:19  Drone x2  
  14  0:27  Drone  
  15  0:43  Spawning Pool  
  15  0:46  Extractor  
  15  0:47  Drone  
  14  0:52  Drone  
  15  0:59  Extractor  
  14  1:04  Drone  
  14  1:08  Overlord  
  15  1:16  Drone  
  16  1:26  Drone  
  17  1:33  Roach Warren  
  17  1:36  Drone  
  17  1:45  Queen  
  19  1:58  Drone x2  
  21  2:08  Overlord  
  21  2:27  Roach  
  23  2:36  Drone  
  24  2:46  Lair  
  24  2:57  Hatchery, Roach x2  
  27  3:00  Roach  
  27  3:03  Roach  
  31  3:08  Roach  
  33  3:17  Overlord  
  33  3:26  Overlord  
  33  3:37  Drone  
  34  3:45  Drone  
  34  3:48  Roach x3  
  41  4:04  Hydralisk Den, Drone  
  41  4:13  Drone, Queen  
  44  4:32  Drone x2  
  46  4:39  Grooved Spines  
  46  4:42  Glial Reconstitution  
  46  4:47  Drone x3  
  49  5:02  Spore Crawler  
  49  5:03  Spore Crawler  
  49  5:06  Roach x2  
  49  5:07  Roach  
  53  5:10  Drone  
  53  5:11  Drone  
  55  5:23  Drone  
  55  5:24  Drone x2  
  58  5:30  Muscular Augments  
  58  5:36  Extractor  
  58  5:38  Drone x3  
  58  5:40  Overlord, Extractor  
  59  6:03  Evolution Chamber  
  58  6:09  Drone  
  58  6:10  Drone x4  
  63  6:22  Drone x2  
  63  6:23  Drone x3  
  68  6:35  Spore Crawler  
  67  6:44  Zerg Melee Weapons Level 1  
  67  6:48  Overlord  
  67  6:49  Overlord  
  67  7:06  Pneumatized Carapace  
  67  7:10  Hatchery  
  67  7:12  Overseer x2  
  66  7:16  Drone x3  
  66  7:17  Drone x3  
  72  7:27  Hydralisk x3  
  78  7:49  Infestation Pit, Hydralisk x3  
  83  7:51  Overlord x2  
  83  8:10  Roach x3  
  83  8:11  Roach x3  
  95  8:25  Roach  
  95  8:26  Roach x2  
  101  8:39  Zerg Ground Armor Level 1  
  101  8:42  Hydralisk x2  
  101  8:44  Overlord x3  
  105  8:56  Drone  
  105  8:57  Overlord  
  105  8:58  Overlord  
  106  9:07  Drone x2  
  108  9:23  Drone x5  
  113  9:24  Spore Crawler  
  112  9:35  Roach x3  
  118  9:38  Spore Crawler  
  118  9:44  Spore Crawler  
  116  9:49  Roach  
  116  9:50  Roach  
  120  9:55  Spore Crawler  
  120  9:57  Spore Crawler  
  118  10:02  Spore Crawler  
  118  10:03  Hydralisk x4  
  125  10:09  Drone x3  
  128  10:22  Swarm Host x2  
  128  10:23  Swarm Host  
  128  10:24  Spire  
  136  10:44  Drone x2  
  136  10:45  Drone x2  
Tags
 
Matchup
PvZ
Opening
Pool First
Replay Pack
DaveSC2
Spawn Locations
Cross Positions
Add a new tag
Caveats
  • Supply blocks, unpowered buildings, or Contaminate may cause inaccurate times.
  • Supply counts are checked every 10 seconds.